AoeStats
← NcroTmor

Arena

510145375Analyzed
4v4 RM · 3d ago on Sep 29, 2026· 50m 51s· 8 players
Game mode
Random Map
Map size
Large (8 player)
Population
200
Speed
Normal
Resources
Standard
Victory
Conquest
Starting age
Dark Age
Ending age
Imperial Age
RankedLock teamsTeams togetherTeam positionsShared explorationLock speedFull tech treeHidden civsTurbo modeCheats
Victory
Defeat
🇩🇰 Danes · Denmark
923
+14
🇺🇸 Italians · United States
891
+15
🇹🇷 Magyars · Türkiye
859
+16
🇷🇺 Hindustanis · Russia
787
+19
🇵🇪 Hindustanis · Peru
933
-19
🇦🇷 Teutons · Argentina
906
-18
🇮🇳 Bohemians · India
822
-14
🇵🇰 Franks · Pakistan
795
-13
ryioze
14:02 Feudal Age
18:00 Castle Age
16:28 Stone Mining
16:26 Double-Bit Axe
16:22 Horse Collar
23:19 Fletching
24:06 Bow Saw
24:20 Heavy Plow
25:24 Gold Mining
29:38 Corvinian Army
29:51 Scale Barding Armor
33:44 Imperial Age
33:34 Bloodlines
33:24 Husbandry
34:31 Gold Shaft Mining
34:01 Elite Magyar Huszar
36:46 Chain Barding Armor
36:22 Bodkin Arrow
36:27 Padded Archer Armor
38:14 Plate Barding Armor
38:22 Thumb Ring
38:42 Parthian Tactics
38:10 Heavy Cavalry Archer
39:40 Leather Archer Armor
39:25 Bracer
40:29 Chemistry
41:00 Ballistics
42:07 Ring Archer Armor
42:31 Wheelbarrow
41:41 Loom
41:42 Town Watch
44:28 Hand Cart
44:13 Town Patrol
50:23 Recurve Bow
Thetoymaker8700S
10:37 Feudal Age
9:28 Loom
15:56 Castle Age
16:56 Town Watch
17:57 Stone Mining
23:04 Fletching
25:47 Wheelbarrow
26:14 Squires
29:42 Forging
30:15 Bodkin Arrow
33:18 Imperial Age
33:42 Thumb Ring
33:39 Double-Bit Axe
34:23 Conscription
45:05 Cranequins
47:05 Bracer
47:06 Padded Archer Armor
46:53 Elite Varangian Guard
50:04 Arson
МТЗ-80
12:34 Feudal Age
13:06 Double-Bit Axe
19:03 Castle Age
17:56 Horse Collar
18:09 Gold Mining
18:13 Stone Mining
19:47 Loom
20:49 Bow Saw
30:50 Imperial Age
29:41 Wheelbarrow
30:17 Town Watch
31:03 Scale Barding Armor
31:09 Forging
31:24 Fortified Wall
32:43 Chemistry
33:17 Heavy Camel Rider
33:57 Husbandry
35:11 Bloodlines
35:42 Iron Casting
39:23 Padded Archer Armor
40:04 Shatagni
40:25 Conscription
42:02 Heavy Plow
42:46 Imperial Camel Rider
44:32 Blast Furnace
43:53 Chain Barding Armor
48:03 Light Cavalry
49:23 Plate Barding Armor
48:56 Siege Engineers
Prodigy
4:32 Loom
11:48 Feudal Age
12:51 Double-Bit Axe
15:45 Castle Age
15:07 Stone Mining
19:16 Fletching
21:42 Wheelbarrow
26:10 Bodkin Arrow
28:11 Padded Archer Armor
31:31 Imperial Age
31:18 Hand Cart
34:00 Chemistry
33:21 Ballistics
34:01 Town Watch
33:57 Horse Collar
34:29 Bow Saw
34:53 Bracer
35:08 Leather Archer Armor
36:03 Elite Genoese Crossbowman
36:09 Crossbowman
36:55 Thumb Ring
37:32 Elite Skirmisher
39:00 Arbalester
41:27 Ring Archer Armor
sehal
11:26 Feudal Age
15:49 Castle Age
13:58 Stone Mining
14:30 Loom
15:44 Double-Bit Axe
17:34 Loom
19:10 Fletching
23:30 Bow Saw
26:08 Wheelbarrow
27:03 Gold Mining
30:49 Imperial Age
29:03 Scale Mail Armor
30:30 Chain Mail Armor
30:27 Forging
31:59 Conscription
31:43 Bodkin Arrow
33:09 Chemistry
32:30 Ballistics
32:48 Padded Archer Armor
32:57 Scale Barding Armor
33:23 Plate Mail Armor
33:41 Gold Shaft Mining
34:21 Elite Throwing Axeman
37:08 Iron Casting
36:53 Chain Barding Armor
38:55 Murder Holes
39:32 Hand Cart
40:23 Blast Furnace
39:59 Plate Barding Armor
39:37 Cavalier
40:19 Husbandry
41:32 Paladin
43:16 Padded Archer Armor
NcroTmor
10:29 Feudal Age
15:22 Castle Age
14:39 Double-Bit Axe
14:38 Horse Collar
14:55 Gold Mining
19:30 Fervor
19:54 Heavy Plow
20:30 Bow Saw
22:10 Wheelbarrow
21:54 Stone Mining
24:41 Stone Shaft Mining
24:43 Hand Cart
28:17 Imperial Age
27:40 Fletching
27:41 Loom
28:59 Town Watch
29:41 Grand Trunk Road
31:02 Chemistry
31:17 Murder Holes
33:23 Heavy Camel Rider
34:11 Scale Barding Armor
34:17 Forging
34:30 Bodkin Arrow
36:27 Conscription
36:11 Shatagni
36:20 Bracer
36:44 Ballistics
38:22 Iron Casting
38:27 Thumb Ring
39:05 Bloodlines
38:55 Husbandry
39:00 Padded Archer Armor
39:55 Light Cavalry
41:19 Chain Barding Armor
41:15 Leather Archer Armor
42:01 Blast Furnace
42:00 Fortified Wall
41:31 Hussar
44:45 Plate Barding Armor
44:11 Elite Skirmisher
45:32 Ring Archer Armor
49:00 Pikeman
49:41 Squires
49:42 Scale Mail Armor
51:31 Chain Mail Armor
51:04 Arson
CheLoco3552
10:52 Feudal Age
14:37 Castle Age
13:10 Double-Bit Axe
15:29 Bow Saw
18:18 Wheelbarrow
24:01 Forging
28:17 Town Watch
31:15 Imperial Age
29:11 Stone Mining
31:09 Forging
32:29 Iron Casting
32:21 Capped Ram
34:25 Scale Mail Armor
40:09 Ironclad
45:12 Cavalier
46:06 Bloodlines
46:34 Paladin
47:24 Scale Barding Armor
darockstar686
11:10 Feudal Age
16:21 Castle Age
22:56 Fervor
24:10 Horse Collar
24:19 Double-Bit Axe
27:12 Heavy Plow
27:32 Bow Saw
28:58 Wheelbarrow
29:22 Fletching
29:43 Caravan
30:23 Hand Cart
31:42 Bodkin Arrow
32:55 Chemistry
31:52 Murder Holes
32:19 Ballistics
32:59 Loom
33:00 Town Watch
37:48 Padded Archer Armor
37:49 Scale Mail Armor
37:59 Forging
38:03 Masonry
38:04 Fortified Wall
37:45 Guard Tower
38:58 Town Patrol
42:47 Imperial Age
39:59 Elite Skirmisher
41:31 Leather Archer Armor
41:45 Chain Mail Armor
42:47 Pikeman
43:27 Squires
43:13 Arson
44:35 Ring Archer Armor
44:38 Architecture
44:46 Keep
43:58 Arrowslits
44:34 Bombard Tower
48:52 Bracer
49:28 Iron Casting
Connection lost

Rejoining the realm…

Still unreachable

The connection could not be restored.

Session expired

The server has moved on; the page needs a fresh start.